 Dungeon Crawl Stone Soup version 0.23-a0-494-g91793a9 (webtiles) character file.

292 Blackhawk the Fighter (level 6, 11/69 HPs)
             Began as a Tengu Abyssal Knight on Dec 3, 2018.
             Was a Believer of Lugonu.
             Quit the game on level 3 of the Dungeon.
             The game lasted 00:05:50 (3688 turns).

Blackhawk the Fighter (Tengu Abyssal Knight)        Turns: 3688, Time: 00:05:51

Health: 11/69      AC:  3    Str: 17 (19) XL:     6   Next: 33%
Magic:  13/13      EV: 12    Int: 16 (17) God:    Lugonu [**....]
Gold:   98         SH:  0    Dex: 11 (14) Spells: 5/5 levels left

rFire    . . .     SeeInvis .   a - +1 mace
rCold    . . .     Gourm    .   (no shield)
rNeg     . . .     Faith    .   b - +0 leather armour
rPois    .         Spirit   .   (helmet restricted)
rElec    .         Reflect  .   (no cloak)
rCorr    .         Harm     .   (no gloves)
MR       .....                  (boots unavailable)
Stlth    ..........             (no amulet)
HPRegen  0.21/turn              (no ring)
MPRegen  0.13/turn              (no ring)

@: brilliant, berserking, lethally poisoned (11 -> 0), very quick
A: beak, talons 3, able to fly 1
a: Fly, Depart the Abyss, Bend Space, Renounce Religion


You were on level 3 of the Dungeon.
You worshipped Lugonu.
Lugonu was pleased with you.
You were not hungry.

You visited 1 branch of the dungeon, and saw 3 of its levels.
You visited the Abyss 1 time.

You collected 98 gold pieces.

Inventory:

Hand Weapons
 a - a +1 mace (weapon)
 k - a cursed +0 hand axe
Missiles
 e - 5 poisoned tomahawks (quivered)
 g - 69 stones
 h - 35 sling bullets
Armour
 b - a +0 leather armour (worn)
 d - a +0 pair of gloves
Jewellery
 n - an uncursed ring of magical power {unknown}
 o - an uncursed amulet of faith {unknown}
 p - an uncursed ring of poison resistance {unknown}
 r - a cursed ring of attention {unknown}
 v - a cursed ring of attention {unknown}
Scrolls
 i - 4 scrolls of identify {unknown}
 l - a scroll of magic mapping {unknown}
 u - 3 scrolls of teleportation {unknown}
Potions
 j - a potion of agility
 t - 2 potions of brilliance
Comestibles
 c - 3 rations
 f - 3 chunks of flesh


   Skills:
 + Level 9.3 Fighting
 + Level 3.3 Maces & Flails
 + Level 3.3 Armour
 - Level 1.7 Dodging
 + Level 8.3 Invocations


You had 5 spell levels left.
You didn't know any spells.
Your spell library was empty.

Dungeon Overview and Level Annotations

Branches:
Dungeon (3/15)

Altars:


Innate Abilities, Weirdness & Mutations

You have a beak for a mouth.
You have claws for feet.
You can fly.


Message History

You claw the orc priest, but do no damage.
The orc priest is heavily wounded.
You feel sick. The orc barely misses you. The orc priest hits you.
* * * LOW HITPOINT WARNING * * *
The orc barely misses you.
* * * LOW HITPOINT WARNING * * *
You feel sick.
* * * LOW HITPOINT WARNING * * *
You feel sick.
It was a potion of brilliance.
You feel clever all of a sudden.
* * * LOW HITPOINT WARNING * * *
You feel sick. The orc priest misses you.
It was a potion of berserk rage.
A red film seems to cover your vision as you go berserk!
You feel yourself moving faster!
You feel mighty!
* * * LOW HITPOINT WARNING * * *
You feel sick. The orc hits you but does no damage.
The orc priest closely misses you.
Are you sure you want to abandon this character and quit the game? (Confirm

)#.#....................#
#.#.#.........#.#'#+###.#
.#.#+..........#.#.#.##.####
#........+#+#.#.#.#.#......#
.#.......#.#.#.#.#.#.##.##.#
#+....#'#.#.#.#.#.#.###.##.#
.#...#.#.#.#.#.#.#.#.##.##.#
#+...+#.#.#.#.#.#o#.###.##.#
.#...#.#.#.#.#.#@#.#.##.##.#
#.....#.#.#.#+#+#o#.#...##.#
...#.#.#.#.#.....og#. ####.#
....#.#.>.#'......#o......
....########......##......
....# #......# ...... ....#
#รทรท....# ..... ....#
#......# ##### ###.#
#......#


You could see an orc priest, 3 orcs and a hobgoblin.

Vanquished Creatures
  A howler monkey zombie (D:2)
  6 adders
  2 oozes
  4 worms
  3 dart slugs
  3 leopard geckos (D:1)
  2 orcs (D:3)
  2 ball pythons
  4 bats
  5 giant cockroaches
  8 hobgoblins
  3 jackals (D:3)
  2 kobolds (D:1)
  4 quokkas
  4 frilled lizards
  6 goblins
  10 rats
69 creatures vanquished.

Notes
Turn   | Place    | Note
-------+----------+-------------------------------------------
     0 | Abyss:1  | Blackhawk the Tengu Abyssal Knight began the quest for the
                  | Orb.
     0 | Abyss:1  | Reached XP level 1. HP: 14/14 MP: 3/3
   110 | Abyss:1  | Noticed a raiju
   111 | D:1      | Escaped the Abyss
   232 | D:1      | Reached XP level 2. HP: 19/19 MP: 4/4
   348 | D:1      | Reached * piety under Lugonu
   791 | D:1      | Reached XP level 3. HP: 22/23 MP: 5/5
  1554 | D:2      | Reached XP level 4. HP: 7/28 MP: 6/6
  2618 | D:3      | Reached ** piety under Lugonu
  2618 | D:3      | Gained mutation: You can fly. [Tengu growth]
  2618 | D:3      | Reached XP level 5. HP: 23/32 MP: 7/7
  3028 | D:3      | Reached skill level 9 in Fighting
  3028 | D:3      | Reached XP level 6. HP: 7/46 MP: 7/13
  3051 | D:3      | HP: 2/46 [poisoned by an adder]
  3688 | D:3      | Quit the game

Vault maps used:
D:1:      co_arrival_square_in_a_square_in_a_square, serial_forest,
          infiniplex_forest_lined_4_way, infiniplex_forest_clump_small,
          infiniplex_forest_pool, infiniplex_forest_end_double,
          infiniplex_forest_3_way, infiniplex_forest_lined_room_3,
          infiniplex_forest_clump_tiny, infiniplex_forest_lined_3_way
D:2:      minmay_stone_trees_small, roderic_serpentine_path,
          nrook_mini_backslash, nrook_campfire, hex_tiny
D:3:      cheibrodos_gnoll_hut

Skill      XL: |  1  2  3  4  5 |
---------------+----------------+-----
Invocations    | 2 8 |  8.3
Maces & Flails | 3 |  3.3
Armour         | 3 |  3.3
Fighting       | 9 |  9.3
Dodging        | |  1.7

Action                   |  1- 3 |  4- 6 || total
-------------------------+-------+-------++-------
Melee: Mace              |    85 |   103 ||   188
       Kick              |    13 |    26 ||    39
       Peck              |    12 |    10 ||    22
Invok: Depart the Abyss  |     1 |       ||     1
  Use: Potion            |       |     6 ||     6
 Stab: Sleeping          |     1 |       ||     1
  Eat: Chunk             |     2 |     7 ||     9
Armor: Leather armour    |    20 |    23 ||    43
Dodge: Dodged            |    68 |    82 ||   150

Table legend:
 A = Non-vault XP
 B = Vault XP
 C = Vault XP percentage of total XP
 D = Non-vault monster count
 E = Vault monster count
 F = Vault count percentage of total count
                 A         B        C        D         E       F
            +---------+---------+-------+---------+---------+-------
      Total |     235 |       0 |   0.0 |      69 |       0 |   0.0
            +---------+---------+-------+---------+---------+-------
        D:1 |      39 |       0 |   0.0 |      20 |       0 |   0.0
        D:2 |      92 |       0 |   0.0 |      22 |       0 |   0.0
        D:3 |     104 |       0 |   0.0 |      27 |       0 |   0.0
            +---------+---------+-------+---------+---------+-------
